 Dungeon Crawl Stone Soup version 0.28.0-53-g5a82cb258f (webtiles) character file.

Game seed: 2943842547841777746

2426 Infinimo the Basher (level 9, -1/79 HPs)
             Began as a Minotaur Fighter on May 28, 2022.
             Was an Initiate of Gozag.
             Slain by a two-headed ogre
             ... wielding a +0 giant club
              (13 damage)
             ... on level 7 of the Dungeon.
             The game lasted 00:06:24 (6696 turns).

Infinimo the Basher (Minotaur Fighter)              Turns: 6696, Time: 00:06:25

Health: -1/79      AC: 12    Str: 24    XL:     9   Next: 24%
Magic:  8/8        EV:  9    Int:  5    God:    Gozag
Gold:   506        SH:  5    Dex:  8    Spells: 8/8 levels left

rFire   . . .      SeeInvis .   w - +1 whip (elec)
rCold   + . .      Faith    .   c - +0 buckler
rNeg    + . .      Spirit   .   b - +0 scale mail
rPois   .          Reflect  .   (helmet restricted)
rElec   .          Harm     .   j - +0 cloak of Prudence {rC+ rN+ Dex-3}
rCorr   .          Rampage  .   (no gloves)
Will    .....                   h - +2 pair of boots
Stlth   ..........              (no amulet)
HPRegen 0.23/turn               (no ring)
MPRegen 0.11/turn               (no ring)

@: no status effects
A: horns 2, retaliatory headbutt
a: Renounce Religion, Potion Petition, Call Merchant, Bribe Branch


You were on level 7 of the Dungeon.
You worshipped Gozag.
Gozag was pleased with you.
You visited 2 branches of the dungeon, and saw 8 of its levels.

You collected 630 gold pieces.
You spent 97 gold pieces at shops.
You paid 27 gold pieces to Gozag.

Inventory:

Hand Weapons
 s - a +0 morningstar
 w - a +1 whip of electrocution (weapon)
Missiles
 i - 25 poisoned darts (quivered)
 r - a throwing net
Armour
 b - a +0 scale mail (worn)
 c - a +0 buckler (worn)
 h - a +2 pair of boots (worn)
 j - the +0 cloak of Prudence (worn) {rC+ rN+ Dex-3}
   (You found it on level 6 of the Dungeon)

   Dex:       It affects your dexterity (-3).
   rC:        It protects you from cold.
   rN:        It protects you from negative energy.
Jewellery
 u - an amulet of magic regeneration
Wands
 o - a wand of flame (5)
 v - a wand of charming (7)
Scrolls
 a - a scroll of fog
 e - 6 scrolls of identify
 f - 4 scrolls of immolation
 g - 2 scrolls of enchant armour
 n - 4 scrolls of teleportation
 p - a scroll of magic mapping
 t - 3 scrolls of enchant weapon {unknown}
Potions
 d - 2 potions of might
 k - 3 potions of lignification
 l - 2 potions of curing
 m - a potion of berserk rage
 q - a potion of brilliance


   Skills:
 + Level 7.6 Fighting
 * Level 9.8 Maces & Flails
 + Level 7.6 Armour
 + Level 7.5 Shields


You had 8 spell levels left.
You didn't know any spells.
Your spell library contained the following spells:

 Spells                   Type           Power      Damage    Failure   Level
 Animate Skeleton         Necr           0%         N/A       83%         1
 Apportation              Tloc           0%         N/A       83%         1
 Magic Dart               Conj           0%         1d3       83%         1
 Summon Small Mammal      Summ           0%         N/A       83%         1
 Call Imp                 Summ           0%         N/A       92%         2
 Sublimation of Blood     Necr           0%         N/A       92%         2
 Wereblood                Tmut           0%         N/A       92%         2
 Mephitic Cloud           Conj/Pois/Air  0%         N/A       99%         3
 Summon Hydra             Summ           0%         N/A       100%        7


Dungeon Overview and Level Annotations

Branches:
Dungeon (7/15)             Temple (1/1) D:4

Altars:
Ashenzari
Dithmenos
Elyvilon
Fedhas
Gozag
Hepliaklqana
Kikubaaqudgha
Makhleb
Nemelex Xobeh
Qazlal
Ru
Sif Muna
Trog
Uskayaw
Vehumet
Wu Jian
Xom
Yredelemnul
Zin

Shops:
D:5 ?

Annotations:
D:6 exclusion: door


Innate Abilities, Weirdness & Mutations

You have a pair of horns on your head.
You reflexively headbutt those who attack you in melee.


Message History

A two-headed ogre comes into view.
It is wielding a +0 giant club and a +0 giant spiked club.
Found a ring mail.
The two-headed ogre shouts in stereo!
A two-headed ogre is nearby!
A two-headed ogre is nearby!
You hit the two-headed ogre.
Your headbutt misses the two-headed ogre.
The two-headed ogre is lightly wounded.
The two-headed ogre hits you with a +0 giant club!
You block the two-headed ogre's attack.
You barely miss the two-headed ogre.
The two-headed ogre is lightly wounded.
You barely miss the two-headed ogre. You headbutt the two-headed ogre.
The two-headed ogre is lightly wounded.
The two-headed ogre hits you with a +0 giant club!
The two-headed ogre hits you with a +0 giant spiked club!!
You are too injured to fight recklessly!
You are too injured to fight recklessly!
You are too injured to fight recklessly!
You hit the two-headed ogre. You headbutt the two-headed ogre!
The two-headed ogre is moderately wounded.
You whack the two-headed ogre!
The two-headed ogre is heavily wounded.
The two-headed ogre hits you with a +0 giant club!!
* * * LOW HITPOINT WARNING * * *
The two-headed ogre barely misses you.
You hit the two-headed ogre but do no damage.
The two-headed ogre is heavily wounded.
You hit the two-headed ogre but do no damage.
Lightning courses through the two-headed ogre!
The two-headed ogre is almost dead.
You block the two-headed ogre's attack. x2
You whack the two-headed ogre!
The two-headed ogre is almost dead.
You hit the two-headed ogre but do no damage.
The two-headed ogre is almost dead.
The two-headed ogre barely misses you.
The two-headed ogre hits you with a +0 giant spiked club!
You die...
Your body crumbles into a pile of gold.

...'............
...###....######
####.....##### ##
...##.##....##
##.### .##
#...####..##...#.#
...#..........##.#
#..###..####...#[#
.... #........##O#
####...####...#@##
#. #..##.## .
####.#....... ##
######.


You could see a two-headed ogre.

Vanquished Creatures
  A two-headed ogre (D:5)
  Prince Ribbit (D:5)
  A water moccasin (D:6)
  A black bear (D:6)
  2 ogres (D:5)
  A phantom (D:5)
  A lemure (D:5)
  A kobold brigand (D:6)
  A scorpion (D:6)
  A water moccasin skeleton (D:4)
  3 electric eels (D:6)
  A bullfrog zombie (D:5)
  A centaur zombie (D:5)
  5 hounds
  A centaur skeleton (D:5)
  A jelly (D:6)
  2 orc priests
  A bullfrog skeleton (D:5)
  Ijyb (D:4)
  5 iguanas
  3 orc wizards
  A scorpion zombie (D:5)
  A hound zombie (D:5)
  2 howler monkey zombies
  3 gnolls (D:4)
  2 howler monkey skeletons (D:6)
  9 adders
  An ufetubus (D:5)
  A worm (D:3)
  3 dart slugs
  3 orcs
  6 bats
  7 endoplasms
  2 giant cockroaches
  5 goblins
  6 hobgoblins
  6 jackals
  2 quokkas
  5 ball pythons
  3 frilled lizards
  15 kobolds
  A quokka skeleton (D:4)
  5 rats
124 creatures vanquished.

Vanquished Creatures (others)
  10 plants
10 creatures vanquished.

Grand Total: 134 creatures vanquished

Notes
Turn   | Place    | Note
-------+----------+-------------------------------------------
     0 | D:1      | Infinimo the Minotaur Fighter began the quest for the Orb.
     0 | D:1      | Reached XP level 1. HP: 19/19 MP: 0/0
   142 | D:1      | Reached XP level 2. HP: 27/27 MP: 1/1
   210 | D:1      | Reached skill level 3 in Maces & Flails
   327 | D:1      | Found a faded altar of an unknown god.
   761 | D:2      | Reached XP level 3. HP: 33/33 MP: 2/2
   975 | D:2      | Reached XP level 4. HP: 34/40 MP: 3/3
  1164 | D:2      | Reached skill level 4 in Maces & Flails
  1166 | D:2      | Identified the +7 dagger of Nom Ciuf {pain, rPois rN++
                  | Int+4 Dex-3}
  2215 | D:4      | Found a staircase to the Ecumenical Temple.
  2227 | Temple   | Entered the Ecumenical Temple
  2469 | Temple   | Became a worshipper of Gozag Ym Sagoz the Greedy
  2525 | D:4      | Reached XP level 5. HP: 46/47 MP: 4/4
  2974 | D:4      | Reached skill level 5 in Maces & Flails
  2995 | D:4      | Found a broken altar of Ashenzari.
  3111 | D:4      | Reached XP level 6. HP: 38/55 MP: 5/5
  3265 | D:4      | Reached skill level 5 in Fighting
  3265 | D:4      | Reached skill level 5 in Armour
  3488 | D:5      | Entered Level 5 of the Dungeon
  3503 | D:5      | Found Cira's Magic Scroll Shoppe.
  3509 | D:5      | Reached skill level 5 in Shields
  3511 | D:5      | Noticed Ijyb
  3579 | D:4      | Killed Ijyb
  3580 | D:4      | Reached skill level 6 in Maces & Flails
  3642 | D:5      | Bought a scroll of enchant armour for 97 gold pieces
  3682 | D:5      | Reached XP level 7. HP: 61/61 MP: 6/6
  3921 | D:5      | Noticed Grinder
  3922 | D:5      | Paralysed by Grinder for 3 turns
  3925 | D:5      | Noticed Grinder
  3925 | D:5      | Grinder changed into Grinder the lemure
  3940 | D:5      | Killed Grinder the lemure
  3941 | D:5      | Reached skill level 7 in Maces & Flails
  4016 | D:5      | Noticed a two-headed ogre
  4029 | D:5      | Killed a two-headed ogre
  4030 | D:5      | Reached skill level 8 in Maces & Flails
  4030 | D:5      | Reached XP level 8. HP: 35/71 MP: 7/7
  4402 | D:5      | Noticed Prince Ribbit
  4410 | D:5      | Killed Prince Ribbit
  4757 | D:6      | Reached skill level 9 in Maces & Flails
  5299 | D:6      | Reached XP level 9. HP: 39/79 MP: 8/8
  5335 | D:6      | Identified the +0 cloak of Prudence {rC+ rN+ Dex-3}
  6685 | D:7      | Noticed a two-headed ogre
  6696 | D:7      | Slain by a two-headed ogre

Illustrated notes

Levels and vault maps discovered:
D:1:      kennysheep_arrival_forest, layout_rooms,
          dilly_ecumenical_altar_fadedgnrine
D:2:      layout_rooms
D:3:      layout_loops_ring, chequers_big_river, hex_large,
          kennysheep_cluttered_room
D:4:      layout_rooms, pf_just_have_faith, minmay_temple_entry_antechambers,
          serial_corexii_hall, chequers_hall_statues_corner_a,
          chequers_hall_statues_wall_a, chequers_hall_statues_wall_a,
          corexii_hall_statues_i, chequers_hall_statues_corner_a,
          chequers_hall_statues_y, fountainhead
D:5:      layout_basic, serial_shops, shop, uniq_prince_ribbit1, uniq_ijyb,
          uniq_grinder
D:6:      cheibrodos_two_vegetables, layout_loops_ring, minmay_misc_feat_doors
D:7:      wad_crossroads, layout_loops_corners
Temple:   dpeg_five_rooms_temple

Skill      XL: |  1  2  3  4  5  6  7  8 |
---------------+-------------------------+-----
Maces & Flails | 3 4 5 6 8 9 |  9.8
Armour         | 4 5 6 7 |  7.6
Shields        | 4 5 6 7 |  7.5
Fighting       | 4 5 6 7 |  7.6

Action                   |  1- 3 |  4- 6 |  7- 9 || total
-------------------------+-------+-------+-------++-------
Melee: Flail             |    78 |    95 |       ||   173
       Headbutt          |     5 |    19 |    35 ||    59
       Morningstar       |       |    23 |   138 ||   161
       Unarmed           |       |     4 |       ||     4
       Whip              |       |       |    15 ||    15
Evoke: Wand              |       |     5 |     5 ||    10
  Use: Scroll            |       |     9 |     1 ||    10
       Potion            |       |       |     1 ||     1
 Stab: Distracted        |       |     1 |       ||     1
       Invisible         |       |       |     1 ||     1
Armor: Scale mail        |    54 |    51 |    58 ||   163
Dodge: Dodged            |    40 |    52 |    50 ||   142
Block: Buckler           |    15 |    20 |    28 ||    63
